 Dungeon Crawl Stone Soup version 0.17-a0-1533-g2f57bce (webtiles) character file.

113 namelastname112 the Cudgeler (level 4, -1/38 HPs)
             Began as a Draconian Skald on July 16, 2015.
             Slain by a worker ant (7 damage)
             ... on level 4 of the Dungeon.
             The game lasted 00:03:57 (2736 turns).

namelastname112 the Cudgeler (Draconian Skald)      Turns: 2736, Time: 00:03:58

Health: -1/38      AC:  5    Str: 15    XL:     4   Next: 65%
Magic:  7/7        EV: 12    Int: 12    God:
Gold:   116        SH:  0    Dex: 11    Spells: 1 memorised, 6 levels left

rFire  + . .     SeeInvis .     g - +0 whip (elec)
rCold  + . .     Clarity  .     (armour unavailable)
rNeg   + . .     SustAt   .     (no shield)
rPois  +         Gourm    .     (helmet restricted)
rElec  +         Spirit   .     (no cloak)
rCorr  +         Warding  +     (no gloves)
rMut   .         Stasis   .     (no boots)
MR     .....                    r - amulet of warding
Stlth  +.........               (no ring)
                                (no ring)

@: lethally poisoned (-1 -> -12), resistant, not resistant to hostile
enchantments, very unstealthy
A: unfitting armour, cold-blooded, AC +5
a: no special abilities


You were on level 4 of the Dungeon.
You were hungry.

You visited 1 branch of the dungeon, and saw 4 of its levels.

You collected 116 gold pieces.

Inventory:

Hand weapons
 g - a +0 whip of electrocution (weapon)
Jewellery
 r - an amulet of warding (around neck)
Magical devices
 p - a wand of flame (7)
Scrolls
 d - a scroll of recharging {unknown}
 e - 5 scrolls of identify {unknown}
 f - a scroll of immolation {unknown}
 h - a scroll of fog {unknown}
 k - 3 scrolls of remove curse {unknown}
 l - a scroll of amnesia {unknown}
 m - a scroll of enchant weapon {unknown}
 s - 2 scrolls of noise {unknown}
Potions
 j - a potion of resistance
 n - a potion of might {unknown}
 o - a potion of poison {unknown}
 q - a potion of lignification {unknown}
 t - a potion of brilliance {unknown}
 u - a potion of agility {unknown}
Books
 b - a book of Battle

   Spells                             Type                      Level
   a - Infusion                       Charms                       1
   b - Shroud of Golubria             Charms/Translocation         2
   c - Song of Slaying                Charms                       2
   d - Spectral Weapon                Hexes/Charms                 3
   e - Regeneration                   Charms/Necromancy            3
Comestibles
 a - a meat ration
 c - 3 bread rations
 i - 2 fruits


   Skills:
 + Level 3.1 Fighting
 * Level 4.0 Maces & Flails
 + Level 2.1 Dodging
 - Level 2.0 Spellcasting
 - Level 2.6 Charms


You had 6 spell levels left.
You knew the following spells:

 Your Spells              Type           Power        Failure   Level  Hunger
a - Infusion              Chrm           #.....       12%         1    ##.....


Dungeon Overview and Level Annotations

Branches:
Dungeon (4/15)
 Temple: D:4-7

Altars:
Yredelemnul
The Shining One


Innate Abilities, Weirdness & Mutations

Your plain brown scales are hard (AC +5).
Your body does not fit into most forms of armour.
You are cold-blooded and may be slowed by cold attacks.


Message History

The worker ant poisons you! The adder skeleton bites you.
You hit the worker ant.
The worker ant is moderately wounded.
You feel sick. The worker ant closely misses you. The adder skeleton bites you.
* * * LOW HITPOINT WARNING * * *
You are too injured to fight recklessly!
Unknown command.
* * * LOW HITPOINT WARNING * * *
You feel sick.
You see here a kobold corpse.
Drink which item? (? for menu, Esc to quit)
It was a potion of resistance.
You feel protected.
* * * LOW HITPOINT WARNING * * *
You feel sick. The worker ant closely misses you.
Drink which item? (? for menu, Esc to quit)
It was a potion of magic.
Magic courses through your body.
* * * LOW HITPOINT WARNING * * *
You feel sick. The worker ant closely misses you. The worker ant bites you!
You die...

#.##### # #.#...#
##.#.#...#########
..................
..................
.....#...##############
.##.##...# #####<.....#
... #...###...#......#
%.. ##@.......#......#
.. #a###....'..[...#
#....Z..#....#......#
..........#...........#
..........#........####
.###......#........#
..$..(.#........#
........#.........
.........#..........


You could see a worker ant and an adder skeleton.

Vanquished Creatures
  5 adders
  An ooze (D:3)
  An adder skeleton (D:3)
  2 giant geckos
  5 bats
  5 goblins
  6 hobgoblins
  4 jackals
  A ball python (D:2)
  4 giant cockroaches
  3 giant newts
  14 kobolds
  A quokka (D:2)
  8 rats
60 creatures vanquished.

Notes
Turn   | Place    | Note
--------------------------------------------------------------
     0 | D:1      | namelastname112 the Draconian Skald began the quest for the Orb.
     0 | D:1      | Reached XP level 1. HP: 17/17 MP: 3/3
   461 | D:1      | Reached XP level 2. HP: 25/25 MP: 5/5
   913 | D:2      | Reached skill level 3 in Maces & Flails
   920 | D:2      | Reached XP level 3. HP: 22/30 MP: 6/6
  2092 | D:3      | Reached XP level 4. HP: 29/37 MP: 7/7
  2153 | D:3      | Found a basalt altar of Yredelemnul.
  2226 | D:3      | Found a glowing golden altar of the Shining One.
  2686 | D:3      | Reached skill level 4 in Maces & Flails
  2736 | D:4      | Slain by a worker ant

Vault maps used:
D:1:      minmay_arrival_jagged
D:3:      yredelemnul_altar_generic, tso_metal_star
D:4:      uniq_natasha

Action                   |  1- 3 |  4- 6 || total
-------------------------+-------+-------++-------
Melee: Mace              |    17 |       ||    17
       Whip              |   110 |    70 ||   180
  Use: Potion            |       |     2 ||     2
 Stab: Distracted        |     1 |       ||     1
       Sleeping          |     2 |       ||     2
  Eat: Chunk             |     2 |     2 ||     4
       Fruit             |     1 |       ||     1
